 Dungeon Crawl Stone Soup version 0.29.1-15-g9cfb28693d (webtiles) character file.

Game seed: 9719275349851796570

133 H0rd4k the Charlatan (level 5, 0/35 HPs)
             Began as an Octopode Artificer on Mar 1, 2023.
             Killed from afar by Blork the orc (19 damage)
             ... with a puff of frost
             ... on level 4 of the Dungeon.
             The game lasted 00:02:03 (2883 turns).

H0rd4k the Charlatan (Octopode Artificer)           Turns: 2883, Time: 00:02:03

Health: 0/35       AC:  1    Str: 12    XL:     5   Next: 16%
Magic:  8/8        EV: 13    Int: 15    God:
Gold:   99         SH:  0    Dex: 12    Spells: 8/8 levels left

rFire   + . .      SeeInvis .     - Unarmed
rCold   x . .      Faith    .   (no shield)
rNeg    . . .      Spirit   .   (helmet restricted)
rPois   +          Reflect  .   (no amulet)
rElec   .          Harm     .   j - ring of fire
rCorr   .          Rampage  .   p - ring of poison resistance
Will    .....                   (no ring)
Stlth   +++.......              (no ring)
HPRegen 0.11/turn               (no ring)
MPRegen 0.11/turn               (no ring)
                                (no ring)
                                (no ring)

@: no status effects
A: almost no armour, amphibious, 8 rings, camouflage 1, gelatinous body 1,
(nimble swimmer 1), tentacles
a: no special abilities


You were on level 4 of the Dungeon.
You visited 1 branch of the dungeon, and saw 4 of its levels.

You collected 99 gold pieces.

Inventory:

Missiles
 e - 2 poisoned darts
Magical Staves
 f - a staff of fire
 i - a staff of poison
Jewellery
 j - a ring of fire (left tentacle)
 p - a ring of poison resistance (right tentacle)
Wands
 b - a wand of flame (10) (quivered)
 c - a wand of charming (12)
 d - a wand of iceblast (3)
 o - a wand of light (14)
Scrolls
 g - 6 scrolls of identify {unknown}
 h - a scroll of immolation {unknown}
 k - a scroll of noise {unknown}
 m - a scroll of fear {unknown}
 n - a scroll of enchant weapon {unknown}
 q - 2 scrolls of teleportation {unknown}
Potions
 a - a potion of cancellation {unknown}
 l - a potion of curing {unknown}
 r - 3 potions of degeneration {unknown}
 s - a potion of magic {unknown}


   Skills:
 * Level 2.7 Fighting
 - Level 2.3 Dodging
 - Level 1.3 Stealth
 + Level 2.4 Unarmed Combat
 * Level 2.3 Spellcasting
 - Level 3.2 Evocations


You had 8 spell levels left.
You didn't know any spells.
Your spell library contained the following spells:

 Spells                   Type           Power      Damage    Failure   Level
 Confusing Touch          Hex            1%         N/A       54%         3
 Yara's Violent Unravell  Hex/Tmut       0%         3d3       99%         5
 Enfeeble                 Hex            0%         N/A       100%        7


Dungeon Overview and Level Annotations

Branches:
Dungeon (4/15)
 Temple: D:4-7

Altars:
Xom

Annotations:
D:4 Blork the orc


Innate Abilities, Weirdness & Mutations

You cannot wear most types of armour.
You are amphibious.
You can wear up to eight rings at the same time.
Your skin changes colour to match your surroundings (Stealth+).
Your rubbery body absorbs attacks. (AC +1, EV +1)
((You are camouflaged when in or above water. (Stealth+)))
You have tentacles for arms and can constrict up to eight enemies at once.


Message History

The quokka bites you.
You tentacle-slap the quokka.
The quokka is moderately wounded.
You constrict the quokka. The quokka barely misses you.
You tentacle-slap the quokka.
You kill the quokka!
You tentacle-slap the adder. Your grab misses the adder. You squeeze the adder.
You kill the adder!
You see here an adder corpse.
You tentacle-slap the kobold but do no damage.
Your grab misses the kobold.
Blork the orc comes into view.
He is wielding a +0 hand axe and carrying a wand of light (8).
The kobold hits you with a +0 dagger.
Blork the orc shouts!
You tentacle-slap the kobold. You grab the kobold.
The kobold is heavily wounded.
You constrict the kobold.
You kill the kobold!
Blork the orc gestures wildly while chanting.
Blork the orc seems to speed up.
Things that are here:
a +0 dagger; 3 poisoned darts; a kobold corpse
Aiming: Iceblast
Press: ? - help, Shift-Dir - straight line, f - Blork the orc
Aim: Blork the orc, wielding a +0 hand axe, wearing a +0 robe and carrying a wand of light (8) (fast)
The mass of ice explodes!
The iceblast engulfs Blork the orc!
Blork the orc is heavily wounded.
You hear a shout!
Blork the orc casts a spell at you. The magic dart hits you.
Aiming: Iceblast
Press: ? - help, Shift-Dir - straight line, f/p - Blork the orc
Aim: Blork the orc, wielding a +0 hand axe, wearing a +0 robe and carrying a wand of light (8) (heavily wounded, fast)
The mass of ice explodes!
The iceblast engulfs Blork the orc!
Blork the orc is almost dead.
Blork the orc zaps a wand.
The bolt of light hits you!
Blork the orc gestures at you while chanting.
The puff of frost hits you!!
You feel a terrible chill!
Ouch! That really hurt!
You die...

.#..........#
............
#..........#
#...........
#.o.........
#...........
#...........
#.).<.......
#.@.[###.##.
#.†..# #.=†.#
.......#
....#....#
....###..<#
.... #...#
..# ##### ##


You could see Blork the orc (fast).

Vanquished Creatures
  2 orc wizards (D:3)
  2 adders
  A dart slug (D:2)
  3 orcs (D:3)
  5 endoplasms
  3 goblins
  2 hobgoblins
  2 quokkas
  2 ball pythons (D:1)
  3 bats
  2 frilled lizards
  6 kobolds
  2 rats
35 creatures vanquished.

Vanquished Creatures (collateral kills)
  An orc wizard (D:3)
  5 orcs (D:3)
  A goblin (D:3)
  A quokka (D:3)
8 creatures vanquished.

Grand Total: 43 creatures vanquished

Notes
Turn   | Place    | Note
-------+----------+-------------------------------------------
     0 | D:1      | H0rd4k the Octopode Artificer began the quest for the Orb.
     0 | D:1      | Reached XP level 1. HP: 13/13 MP: 1/1
   668 | D:1      | Reached skill level 1 in Spellcasting
   668 | D:1      | Reached XP level 2. HP: 18/18 MP: 3/3
   884 | D:1      | Found a faded altar of an unknown god.
  1501 | D:2      | Reached XP level 3. HP: 21/24 MP: 5/5
  1861 | D:2      | Found a shimmering altar of Xom.
  2041 | D:3      | Reached skill level 1 in Unarmed Combat
  2093 | D:3      | Reached XP level 4. HP: 29/29 MP: 6/6
  2465 | D:3      | Reached XP level 5. HP: 31/35 MP: 8/8
  2878 | D:4      | Noticed Blork the orc
  2883 | D:4      | Killed from afar by Blork the orc

Illustrated notes

Levels and vault maps discovered:
D:1:      heliophobic_arrival_battle_scene, layout_loops_corners, serial_rivers,
          chequers_serial_rivers_small_b, chequers_serial_rivers_micro_a,
          chequers_serial_rivers_small_3, chequers_serial_rivers_micro_b,
          chequers_serial_rivers_marsh, chequers_ecumenical_altar_grove
D:2:      layout_loops_ring, basic_altar
D:3:      layout_loops_ring, nicolae_concentric_dashed_squares_mild,
          minmay_distorted
D:4:      minmay_opposing_rooms, layout_rooms, nicolae_overflow_hidden_temple,
          minmay_quantized, uniq_blork_the_orc

Skill      XL: |  1  2  3  4 |
---------------+-------------+-----
Spellcasting   | 1 2 |  2.3
Fighting       | 2 |  2.7
Unarmed Combat | 1 2 |  2.4
Dodging        | |  2.3
Stealth        | |  1.3
Evocations     | |  3.2

Action                   |  1- 3 |  4- 6 || total
-------------------------+-------+-------++-------
Melee: Unarmed           |    59 |    35 ||    94
       Tentacles         |    12 |     7 ||    19
       Constrict         |    14 |     7 ||    21
       Punch             |     1 |       ||     1
Evoke: Wand              |     3 |     7 ||    10
 Stab: Sleeping          |    11 |     5 ||    16
Armor: Skin              |     6 |     3 ||     9
Dodge: Dodged            |    25 |    15 ||    40
